| TOP OF THE 1ST |
|
Vermont Lake Monsters batting - Pitching for Aberdeen Ironbirds : LHP Lawson Noseworthy
|
|
Pitching: LHP Lawson Noseworthy
|
|
|
Batting: RHB Scott Lister
|
0-0: Swinging Strike 0-1: Ball 1-1: Swinging Strike 1-2: Strikes out looking
|
|
Batting: RHB Amare Brown
|
0-0: Called Strike 0-1: Ground out 5-3 (Groundball, 5L, EV 79.4 MPH)
|
|
Batting: RHB Tetsuya Shinoda
|
0-0: Foul Ball, location: 2F 0-1: Ball 1-1: Ball 2-1: Swinging Strike 2-2: Foul Ball, location: 2F 2-2: Foul Ball, location: 2F 2-2: Ball 3-2: Base on Balls
|
|
Batting: LHB Alejandro Muniz
|
0-0: Foul Ball, location: 2F 0-1: Hit by Pitch Tetsuya Shinoda to second
|
|
Batting: RHB Ryan Jennings
|
0-0: Foul Ball, location: 2F 0-1: Ball 1-1: Ground out 6-3 (Groundball, 6M, EV 88.8 MPH)
|
| Top of the 1st over - 0 runs, 0 hits, 0 errors, 2 left on base; Vermont 0 - Aberdeen 0 |
| BOTTOM OF THE 1ST |
|
Aberdeen Ironbirds batting - Pitching for Vermont Lake Monsters : RHP Mike Kirk
|
|
Pitching: RHP Mike Kirk
|
|
|
Batting: LHB Chris Cohen
|
0-0: Foul Ball, location: 2F 0-1: Swinging Strike 0-2: Strikes out swinging
|
|
Batting: LHB Xue-liang Zhou
|
0-0: Fly out, F9 (Flyball, 89M, EV 85.6 MPH)
|
|
Batting: RHB C.J. Wells
|
0-0: Ball 1-0: Fly out, F7 (Flyball, 7LSF, EV 81.9 MPH)
|
| Bottom of the 1st over - 0 runs, 0 hits, 0 errors, 0 left on base; Vermont 0 - Aberdeen 0 |
| TOP OF THE 2ND |
|
Vermont Lake Monsters batting - Pitching for Aberdeen Ironbirds : LHP Lawson Noseworthy
|
|
Batting: RHB Jon Coleman
|
0-0: Called Strike 0-1: Ball 1-1: Ball 2-1: Ball 3-1: SINGLE (Line Drive, 9S, EV 89.4 MPH)
|
|
Batting: LHB Felipe Gomez
|
0-0: Foul Ball, location: 2F 0-1: Ball 1-1: Ball 2-1: Foul Ball, location: 2F 2-2: Ball 3-2: Foul Ball, location: 2F 3-2: Strikes out swinging
|
|
Batting: RHB Ricardo Claros
|
0-0: Ball 1-0: Called Strike 1-1: Foul Ball, location: 2F 1-2: Ball 2-2: Ball 3-2: Ground out 5-3 (Groundball, 56S, EV 70.0 MPH) Jon Coleman to second
|
|
Batting: SHB Eric Tiehen
|
0-0: Swinging Strike 0-1: Ball 1-1: 2-RUN HOME RUN (Flyball, 78XD, EV 115.0 MPH), Distance : 426 ft
|
|
Batting: RHB Scott Lister
|
0-0: Called Strike 0-1: Ball 1-1: Called Strike 1-2: Ball 2-2: Foul Ball, location: 2F 2-2: Ball 3-2: Base on Balls
|
|
Batting: RHB Amare Brown
|
0-0: Ball 1-0: Ball Scott Lister steals 2nd base 2-0: Ball 3-0: Called Strike 3-1: TRIPLE (Flyball, 9D, EV 106.2 MPH) Scott Lister scores
|
|
Batting: RHB Tetsuya Shinoda
|
0-0: Ball 1-0: Foul Ball, location: 2F 1-1: Called Strike 1-2: Ball Wild Pitch! Amare Brown scores 2-2: Foul Ball, location: 2F 2-2: Foul Ball, location: 2F 2-2: Strikes out swinging
|
| Top of the 2nd over - 4 runs, 3 hits, 0 errors, 0 left on base; Vermont 4 - Aberdeen 0 |
| BOTTOM OF THE 2ND |
|
Aberdeen Ironbirds batting - Pitching for Vermont Lake Monsters : RHP Mike Kirk
|
|
Batting: LHB Jeremy Nuzzo
|
0-0: Swinging Strike 0-1: Swinging Strike 0-2: Strikes out looking
|
|
Batting: RHB Juan Eyrich
|
0-0: Ball 1-0: Fly out, F8 (Flyball, 8RM, EV 91.2 MPH)
|
|
Batting: RHB Dou-wan Pan
|
0-0: Called Strike 0-1: Ball 1-1: Called Strike 1-2: Strikes out looking
|
| Bottom of the 2nd over - 0 runs, 0 hits, 0 errors, 0 left on base; Vermont 4 - Aberdeen 0 |
| TOP OF THE 3RD |
|
Vermont Lake Monsters batting - Pitching for Aberdeen Ironbirds : LHP Lawson Noseworthy
|
|
Batting: LHB Alejandro Muniz
|
0-0: Called Strike 0-1: Ball 1-1: Ball 2-1: Ball 3-1: Reached on error, E5 (Groundball, 5, EV 83.1 MPH)
|
|
Batting: RHB Ryan Jennings
|
0-0: Called Strike 0-1: Swinging Strike 0-2: Ball 1-2: Strikes out looking
|
|
Batting: RHB Jon Coleman
|
0-0: Grounds into double play, 6-4-3 (Groundball, 6, EV 89.4 MPH)
|
| Top of the 3rd over - 0 runs, 0 hits, 1 error, 0 left on base; Vermont 4 - Aberdeen 0 |
| BOTTOM OF THE 3RD |
|
Aberdeen Ironbirds batting - Pitching for Vermont Lake Monsters : RHP Mike Kirk
|
|
Batting: LHB Robert Ortiz
|
0-0: Ball 1-0: Ground out 6-3 (Groundball, 6, EV 87.5 MPH)
|
|
Batting: LHB Ivan Alvarez
|
0-0: Ground out 3-1 (Groundball, 13, EV 89.4 MPH)
|
|
Batting: LHB Taylor Plummer
|
0-0: Ball 1-0: Ground out U3 (Groundball, 3, EV 86.2 MPH)
|
| Bottom of the 3rd over - 0 runs, 0 hits, 0 errors, 0 left on base; Vermont 4 - Aberdeen 0 |
| TOP OF THE 4TH |
|
Vermont Lake Monsters batting - Pitching for Aberdeen Ironbirds : LHP Lawson Noseworthy
|
|
Batting: LHB Felipe Gomez
|
0-0: Ball 1-0: Called Strike 1-1: Foul Ball, location: 2F 1-2: Foul Ball, location: 2F 1-2: Strikes out looking
|
|
Batting: RHB Ricardo Claros
|
0-0: Ball 1-0: Ball 2-0: Ball 3-0: Called Strike 3-1: Base on Balls
|
|
Batting: SHB Eric Tiehen
|
0-0: Called Strike 0-1: SINGLE (Groundball, 6M, EV 95.6 MPH) (infield hit) Ricardo Claros to second
|
|
Batting: RHB Scott Lister
|
0-0: Ball 1-0: Ball 2-0: Foul Ball, location: 2F 2-1: Fly out, F4 (Line Drive, 4, EV 69.4 MPH)
|
|
Batting: RHB Amare Brown
|
0-0: Ball 1-0: Called Strike 1-1: Called Strike 1-2: Ball 2-2: Strikes out swinging
|
| Top of the 4th over - 0 runs, 1 hit, 0 errors, 2 left on base; Vermont 4 - Aberdeen 0 |
| BOTTOM OF THE 4TH |
|
Aberdeen Ironbirds batting - Pitching for Vermont Lake Monsters : RHP Mike Kirk
|
|
Batting: LHB Chris Cohen
|
0-0: Ball 1-0: Foul Ball, location: 2F 1-1: Ball 2-1: Foul Ball, location: 2F 2-2: SINGLE (Line Drive, 6M, EV 111.2 MPH)
|
|
Batting: LHB Xue-liang Zhou
|
0-0: SINGLE (Groundball, 4D, EV 98.8 MPH) Chris Cohen to second Runner from 2nd tries for 3rd, SAFE, throw by CF made to third
|
|
Batting: RHB C.J. Wells
|
0-0: Foul Ball, location: 2F 0-1: Ball 1-1: Ball 2-1: Ball 3-1: Foul Ball, location: 2F 3-2: Strikes out looking
|
|
Batting: LHB Jeremy Nuzzo
|
0-0: Ball 1-0: Ball 2-0: Called Strike 2-1: Foul Ball, location: 2F 2-2: Ball 3-2: Foul Ball, location: 2F 3-2: Foul Ball, location: 2F 3-2: Fly out, F8 (Flyball, 8RD, EV 95.0 MPH) Runner from 3rd tags up, SCORES, throw by CF
|
|
Batting: RHB Juan Eyrich
|
0-0: Called Strike 0-1: Called Strike 0-2: DOUBLE (Line Drive, 89D, EV 106.9 MPH) Xue-liang Zhou to third
|
|
Batting: RHB Dou-wan Pan
|
0-0: Called Strike 0-1: Ball 1-1: Foul Ball, location: 2F 1-2: Ball 2-2: Strikes out looking
|
| Bottom of the 4th over - 1 run, 3 hits, 0 errors, 2 left on base; Vermont 4 - Aberdeen 1 |
| TOP OF THE 5TH |
|
Vermont Lake Monsters batting - Pitching for Aberdeen Ironbirds : LHP Lawson Noseworthy
|
|
Pitching: RHP Craig Painter
|
|
|
Batting: RHB Tetsuya Shinoda
|
0-0: Ground out 6-3 (Groundball, 6M, EV 101.2 MPH)
|
|
Batting: LHB Alejandro Muniz
|
0-0: Ground out 1-3 (Groundball, 13S, EV 73.1 MPH)
|
|
Batting: RHB Ryan Jennings
|
0-0: Called Strike 0-1: Foul Ball, location: 2F 0-2: Foul Ball, location: 2F 0-2: Ball 1-2: Foul Ball, location: 2F 1-2: Strikes out swinging
|
| Top of the 5th over - 0 runs, 0 hits, 0 errors, 0 left on base; Vermont 4 - Aberdeen 1 |
| BOTTOM OF THE 5TH |
|
Aberdeen Ironbirds batting - Pitching for Vermont Lake Monsters : RHP Mike Kirk
|
|
Batting: LHB Robert Ortiz
|
0-0: Foul Ball, location: 2F 0-1: Ball 1-1: Swinging Strike 1-2: Ball 2-2: Strikes out swinging
|
|
Batting: LHB Ivan Alvarez
|
0-0: Called Strike 0-1: Swinging Strike 0-2: Strikes out swinging
|
|
Batting: LHB Taylor Plummer
|
0-0: Foul Ball, location: 2F 0-1: Foul Ball, location: 2F 0-2: Strikes out swinging
|
| Bottom of the 5th over - 0 runs, 0 hits, 0 errors, 0 left on base; Vermont 4 - Aberdeen 1 |
| TOP OF THE 6TH |
|
Vermont Lake Monsters batting - Pitching for Aberdeen Ironbirds : RHP Craig Painter
|
|
Batting: RHB Jon Coleman
|
0-0: Called Strike 0-1: Ball 1-1: Foul Ball, location: 2F 1-2: Ball 2-2: Strikes out swinging
|
|
Batting: LHB Felipe Gomez
|
0-0: Ball 1-0: Called Strike 1-1: Swinging Strike 1-2: Strikes out swinging
|
|
Batting: RHB Ricardo Claros
|
0-0: Ball 1-0: Ball 2-0: Foul Ball, location: 2F 2-1: Ball 3-1: Foul Ball, location: 2F 3-2: Base on Balls
|
|
Batting: SHB Eric Tiehen
|
0-0: Ball 1-0: Swinging Strike 1-1: Swinging Strike 1-2: Strikes out swinging
|
| Top of the 6th over - 0 runs, 0 hits, 0 errors, 1 left on base; Vermont 4 - Aberdeen 1 |
| BOTTOM OF THE 6TH |
|
Aberdeen Ironbirds batting - Pitching for Vermont Lake Monsters : RHP Mike Kirk
|
|
Batting: LHB Chris Cohen
|
0-0: Ball 1-0: Ball 2-0: Called Strike 2-1: Ground out 4-3 (Groundball, 34, EV 82.5 MPH)
|
|
Batting: LHB Xue-liang Zhou
|
0-0: Called Strike 0-1: Ball 1-1: Foul Ball, location: 2F 1-2: Ground out 3-1 (Groundball, 34, EV 108.1 MPH)
|
|
Batting: RHB C.J. Wells
|
0-0: Ball 1-0: Ball 2-0: SINGLE (Groundball, 56D, EV 105.0 MPH)
|
|
Batting: LHB Jeremy Nuzzo
|
Pickoff Throw to First - Error! E1 C.J. Wells to second 0-0: Called Strike 0-1: Called Strike 0-2: Ball 1-2: SINGLE (Groundball, 4MD, EV 98.8 MPH) C.J. Wells to third Runner from 3rd tries for Home, SAFE, throw by CF to home
|
|
Batting: RHB Juan Eyrich
|
0-0: Called Strike 0-1: Ball 1-1: Called Strike 1-2: Foul Ball, location: 2F 1-2: Ground out 3-1 (Groundball, 34S, EV 86.9 MPH)
|
| Bottom of the 6th over - 1 run, 2 hits, 1 error, 1 left on base; Vermont 4 - Aberdeen 2 |
| TOP OF THE 7TH |
|
Vermont Lake Monsters batting - Pitching for Aberdeen Ironbirds : RHP Craig Painter
|
|
Batting: RHB Scott Lister
|
0-0: Ball 1-0: Called Strike 1-1: Ball 2-1: Called Strike 2-2: Ball 3-2: Foul Ball, location: 2F 3-2: Strikes out swinging
|
|
Batting: RHB Amare Brown
|
0-0: Ball 1-0: Ball 2-0: Foul Ball, location: 2F 2-1: Ball 3-1: Base on Balls
|
|
Batting: RHB Tetsuya Shinoda
|
0-0: SINGLE (Groundball, 34D, EV 94.4 MPH) Amare Brown to second
|
|
Batting: LHB Alejandro Muniz
|
0-0: Called Strike 0-1: Foul Ball, location: 2F 0-2: Strikes out looking
|
|
Batting: RHB Ryan Jennings
|
0-0: Ball 1-0: Swinging Strike 1-1: Swinging Strike 1-2: Foul Ball, location: 2F 1-2: Foul Ball, location: 2F 1-2: Ball 2-2: Strikes out swinging
|
| Top of the 7th over - 0 runs, 1 hit, 0 errors, 2 left on base; Vermont 4 - Aberdeen 2 |
| BOTTOM OF THE 7TH |
|
Aberdeen Ironbirds batting - Pitching for Vermont Lake Monsters : RHP Mike Kirk
|
|
Batting: RHB Dou-wan Pan
|
0-0: Called Strike 0-1: Ball 1-1: Ground out 6-3 (Groundball, 6, EV 105.0 MPH)
|
|
Batting: LHB Robert Ortiz
|
0-0: Foul Ball, location: 2F 0-1: Foul Ball, location: 2F 0-2: Ball 1-2: Ball 2-2: Strikes out swinging
|
|
Batting: LHB Ivan Alvarez
|
0-0: Ground out 5-3 (Groundball, 56, EV 90.0 MPH)
|
| Bottom of the 7th over - 0 runs, 0 hits, 0 errors, 0 left on base; Vermont 4 - Aberdeen 2 |
| TOP OF THE 8TH |
|
Vermont Lake Monsters batting - Pitching for Aberdeen Ironbirds : RHP Craig Painter
|
|
Batting: RHB Jon Coleman
|
0-0: DOUBLE (Flyball, 8LD, EV 103.1 MPH)
|
|
Batting: LHB Felipe Gomez
|
0-0: Intentional Walk
|
|
Pitching: RHP Justin Swanson
|
|
|
Batting: RHB Ricardo Claros
|
0-0: Ball 1-0: Called Strike 1-1: Ball 2-1: Swinging Strike 2-2: Strikes out swinging
|
|
Batting: SHB Eric Tiehen
|
0-0: Ball 1-0: Ball 2-0: Foul Ball, location: 2F 2-1: Ball 3-1: Fielders Choice at 2nd, 4-6 (Groundball, 4MS, EV 84.4 MPH) Jon Coleman to third
|
|
Batting: RHB Scott Lister
|
0-0: Ball 1-0: Called Strike 1-1: Foul Ball, location: 2F 1-2: Fly out, F3 (Popup, 34S, EV 69.4 MPH)
|
| Top of the 8th over - 0 runs, 1 hit, 0 errors, 2 left on base; Vermont 4 - Aberdeen 2 |
| BOTTOM OF THE 8TH |
|
Aberdeen Ironbirds batting - Pitching for Vermont Lake Monsters : RHP Mike Kirk
|
|
Batting: LHB Taylor Plummer
|
0-0: Foul Ball, location: 2F 0-1: Ground out 6-3 (Groundball, 6M, EV 82.5 MPH)
|
|
Batting: LHB Chris Cohen
|
0-0: Ball 1-0: Called Strike 1-1: Foul Ball, location: 2F 1-2: Strikes out swinging, 2-3 out at first.
|
|
Batting: LHB Xue-liang Zhou
|
0-0: Called Strike 0-1: Ball 1-1: Swinging Strike 1-2: Ball 2-2: Foul Ball, location: 2F 2-2: Ball 3-2: Foul Ball, location: 2F 3-2: Strikes out swinging
|
| Bottom of the 8th over - 0 runs, 0 hits, 0 errors, 0 left on base; Vermont 4 - Aberdeen 2 |
| TOP OF THE 9TH |
|
Vermont Lake Monsters batting - Pitching for Aberdeen Ironbirds : RHP Justin Swanson
|
|
Batting: RHB Amare Brown
|
0-0: Ball 1-0: Fly out, F9 (Flyball, 9, EV 81.9 MPH)
|
|
Batting: RHB Tetsuya Shinoda
|
0-0: Foul Ball, location: 2F 0-1: Ball 1-1: Reached on error, E5 (Groundball, 56, EV 100.6 MPH)
|
|
Batting: LHB Alejandro Muniz
|
0-0: Ball 1-0: Ball 2-0: Fly out, F9 (Line Drive, 89M, EV 98.1 MPH)
|
|
Batting: RHB Ryan Jennings
|
0-0: Called Strike 0-1: Foul Ball, location: 2F 0-2: Ball 1-2: Fielders Choice at 2nd, 6-4 (Groundball, 6, EV 85.0 MPH)
|
| Top of the 9th over - 0 runs, 0 hits, 1 error, 1 left on base; Vermont 4 - Aberdeen 2 |
| BOTTOM OF THE 9TH |
|
Aberdeen Ironbirds batting - Pitching for Vermont Lake Monsters : RHP Mike Kirk
|
|
Pitching: RHP Bobby Feig
|
|
|
Now at 3B: Alberto Malagon
|
|
|
Now in RF: Berthold Frey
|
|
|
Batting: RHB C.J. Wells
|
0-0: Called Strike 0-1: Ball 1-1: Foul Ball, location: 2F 1-2: Foul Ball, location: 2F 1-2: Ball 2-2: Ball 3-2: Fly out, F8 (Flyball, 8RD, EV 95.0 MPH)
|
|
Batting: LHB Jeremy Nuzzo
|
0-0: Ball 1-0: Foul Ball, location: 2F 1-1: Called Strike 1-2: Fly out, F9 (Line Drive, 9, EV 101.9 MPH)
|
|
Batting: RHB Juan Eyrich
|
0-0: TRIPLE (Line Drive, 78XD, EV 113.8 MPH)
|
|
Batting: RHB Dou-wan Pan
|
0-0: Ball 1-0: Ball 2-0: Ball 3-0: Called Strike 3-1: Base on Balls
|
|
Batting: LHB Robert Ortiz
|
0-0: Called Strike 0-1: Ball 1-1: Ball 2-1: Foul Ball, location: 2F 2-2: Ball 3-2: Strikes out swinging
|
| Bottom of the 9th over - 0 runs, 1 hit, 0 errors, 2 left on base; Vermont 4 - Aberdeen 2 |
|